Match 40667783
Unlisted

Match 40667783
End
Construct Weapon Support Center
Engineer Squad
Selects Heavy Weapons
Bazooka Squad
M1919 Machine Gun Team
Construct Barracks
M1 Mortar Team
Selects M2HB .50cal Heavy Machine Gun
Construct Medical Station
Riflemen Squad
Improved M9 Bazooka Rockets
Bazooka Squad
Air Support Center
Riflemen Squad
Grenade Package
Grasshopper Recon Run
P-47 Strafing Run
Double Sortie
P-47 Strafing Run
P-47 Dive Bomb
M1918 Browning Automatic Rifles
Grasshopper Recon Run
Selects Assault Carriers
Selects Exchangeable Parts
.30 cal Machine Gun
M3 Assault Carrier
Grasshopper Recon Run
P-47 Strafing Run
Construct Motor Pool
Grasshopper Recon Run
Grasshopper Recon Run
M1 Anti-tank Gun Team
P-47 Strafing Run
M3 Assault Carrier
Grasshopper Recon Run
P-47 Strafing Run
Grasshopper Recon Run
M1919 Machine Gun Team
M1 Mortar Team
.30 cal Machine Gun
Grasshopper Recon Run
Scout Squad
P-47 Dive Bomb
Grasshopper Recon Run
P-47 Strafing Run
M1 Anti-tank Gun Team
M1 Mortar Team
Grasshopper Recon Run
Construct Tank Depot
Construct Tank Depot
M3 Assault Carrier
Grasshopper Recon Run
P-47 Dive Bomb
P-47 Strafing Run
Selects M26 Pershing Heavy Tank
M26 Pershing Heavy Tank
P-47 Strafing Run
Grasshopper Recon Run
|Ass Inspector|
Plant3468
한국사람
boboCATs
咸鱼光
wila
Temsy36
LittleFatty233
0
0

Comments sign in to comment!

No comments posted yet!